 Dungeon Crawl Stone Soup version 0.19-a0-1167-g79b6552 (webtiles) character file.

46 Lindan9 the Grave Robber (level 3, -2/24 HPs)
             Began as a Vampire Necromancer on Aug 14, 2016.
             Slain by a hobgoblin (5 damage)
             ... on level 2 of the Dungeon.
             The game lasted 00:05:12 (1110 turns).

Lindan9 the Grave Robber (Vampire Necromancer)      Turns: 1110, Time: 00:05:12

Health: -2/24      AC:  0    Str:  7    XL:     3   Next: 44%
Magic:  0/6        EV: 20    Int: 18    God:
Gold:   50         SH:  0    Dex: 19    Spells: 1 memorised, 5 levels left

rFire  . . .     SeeInvis +     (weapon currently unavailable)
rCold  . . .     Gourm    .     (armour currently unavailable)
rNeg   + . .     Faith    .     (shield currently unavailable)
rPois  .         Spirit   .     (helmet currently unavailable)
rElec  .         Dismiss  .     (cloak currently unavailable)
rCorr  .         Reflect  .     (gloves currently unavailable)
MR     .....     Harm     .     (boots currently unavailable)
Stlth  +++.......               (no amulet)
                                (ring currently unavailable)
                                (ring currently unavailable)

@: bat-form, flying, very quick
A: fangs 3, see invisible, (unbreathing)
a: End Transformation


You were on level 2 of the Dungeon.
You were not thirsty.
You were in vampire-bat-form.
You visited 1 branch of the dungeon, and saw 2 of its levels.

You collected 50 gold pieces.

Inventory:

Hand Weapons
 e - a +0 dagger (melded)
Armour
 a - a +0 robe (melded)
Wands
 m - a wand of enslavement (15/24)
Scrolls
 d - a scroll of enchant weapon {unknown}
 g - a scroll of enchant armour {unknown}
 i - a scroll of remove curse
 j - a scroll of teleportation {unknown}
 k - a scroll of fog {unknown}
 l - a scroll of immolation {unknown}
Potions
 c - 5 potions of blood
 f - a potion of lignification {unknown}
 h - 2 potions of ambrosia
Books
 b - a book of Necromancy

   Spells                             Type                      Level
   a - Pain                           Necromancy                   1
   b - Animate Skeleton               Necromancy                   1
   c - Vampiric Draining              Necromancy                   3
   d - Regeneration                   Charms/Necromancy            3
   e - Animate Dead                   Necromancy                   4
   f - Control Undead                 Necromancy                   4


   Skills:
 + Level 0.1 Fighting
 + Level 2.5 Dodging
 + Level 3.1 Stealth
 + Level 2.4 Spellcasting
 + Level 5.2 Necromancy


You had 5 spell levels left.
You knew the following spells:

 Your Spells              Type           Power        Failure   Level  Hunger
a - Pain                  Necr           ###.         1%          1    #......


Dungeon Overview and Level Annotations

Branches:
Dungeon (2/15)

Altars:


Innate Abilities, Weirdness & Mutations

You have razor-sharp teeth.
You have supernaturally acute eyesight. (SInv)
((You can survive without breathing.))


Message History

The hobgoblin hits you with a club. The hobgoblin hits you with a club.
The hobgoblin misses you.
You barely miss the hobgoblin. The hobgoblin hits you with a club.
The hobgoblin closely misses you.
You barely miss the hobgoblin.
You bite the hobgoblin, but do no damage.
The hobgoblin hits you with a club. The hobgoblin hits you.
* * * LOW HITPOINT WARNING * * *
You are too injured to fight recklessly!
The hobgoblin hits you with a club.
* * * LOW HITPOINT WARNING * * *
As you read the scroll labeled EBUSTR YG RAJAC, it crumbles to dust.
You feel blessed for a moment.
It was a scroll of remove curse.
The hobgoblin misses you. The hobgoblin hits you with a club.
* * * LOW HITPOINT WARNING * * *
There are monsters nearby!
You turn into a vampire bat.
Your +0 dagger melds into your body.
Your +0 robe melds into your body.
The hobgoblin hits you.
You die...

#.#.# .[. #.##..# #.#.###.##.
##.##..# #####......r... ..##..#
...<..#.####### #.##..# #####...#
#####.##..### # ####.#
#.........).## .. .. #.#
#............# ...#. #.#
#...#.##..#..# ...#. #.#
#.#b......#..## ..... #.#
#.gg#.........#####
.....##.######..####...........#
................# #....#.<(###.##
...##.#.†.......###.#.##.........
. #.#####.....##.#..##.########
#.# ##....#.###.##.# #.#
###...##.##.#.# #.# #..#..#..##.#


You could see 2 hobgoblins.

Vanquished Creatures
  2 adders (D:2)
  3 bats
  3 giant cockroaches
  2 goblins
  4 hobgoblins
  3 jackals (D:2)
  3 kobolds
  A quokka (D:2)
  A ball python (D:2)
  A giant newt (D:2)
  2 rats (D:1)
25 creatures vanquished.

Notes
Turn   | Place    | Note
-------+----------+-------------------------------------------
     0 | D:1      | Lindan9 the Vampire Necromancer began the quest for the Orb.
     0 | D:1      | Reached XP level 1. HP: 13/13 MP: 3/3
   159 | D:1      | Reached XP level 2. HP: 16/19 MP: 1/5
   698 | D:2      | Reached skill level 5 in Necromancy
   870 | D:2      | Reached XP level 3. HP: 21/24 MP: 2/6
  1110 | D:2      | Slain by a hobgoblin

Vault maps used:
D:1:      co_arrival_random_square_maze, roderic_bali_sauvastika,
          interstate_on_off
D:2:      uniq_sigmund

Skill      XL: |  1  2 |
---------------+-------+-----
Necromancy     | 5 |  5.2
Fighting       | |  0.1
Dodging        | |  2.5
Stealth        | |  3.1
Spellcasting   | |  2.4

Action                   || total
-------------------------++-------
Melee: Dagger            ||    22
       Bite              ||     2
 Cast: Pain              ||    36
 Abil: Bat Form          ||     1
  Use: Potion            ||     3
       Scroll            ||     1
 Stab: Sleeping          ||     2
  Eat: Corpse            ||     1
Armor: Robe              ||     8
Dodge: Dodged            ||    25
